 Dungeon Crawl Stone Soup version 0.24-a0-429-g4608c8f (webtiles) character file.

Game seed: 593517503137106448

8659 CanOfBees the Zephyrmancer (level 11, 0/67 HPs)
             Began as a Tengu Air Elementalist on June 14, 2019.
             Was an Elder of Sif Muna.
             Slain by a hippogriff (3 damage)
             ... on level 11 of the Dungeon.
             The game lasted 00:48:36 (21852 turns).

CanOfBees the Zephyrmancer (TeAE)                  Turns: 21852, Time: 00:48:37

Health: 0/67       AC:  6    Str: 11    XL:     11   Next: 34%
Magic:  9/24       EV: 17    Int: 21    God:    Sif Muna [****..]
Gold:   782        SH:  6    Dex: 15    Spells: 3/26 levels left

rFire    + . .     SeeInvis .   J - +2 falchion (slice)
rCold    + . .     Gourm    .   b - +1 buckler
rNeg     . . .     Faith    .   s - +1 robe {rC+ rF+}
rPois    +         Spirit   .   (helmet restricted)
rElec    .         Reflect  .   g - +0 cloak
rCorr    .         Harm     .   (no gloves)
MR       .....                  (boots unavailable)
Stlth    ++........             (no amulet)
HPRegen  0.21/turn              p - ring of poison resistance
MPRegen  0.19/turn              E - +2 ring of protection

@: brilliant, slowed, very slow
A: beak, talons 3, repulsion field 1, mutation resistance 1, sense surroundings
1, able to fly
a: Fly, Divine Energy, Channel Magic, Forget Spell, Renounce Religion


You were on level 11 of the Dungeon.
You worshipped Sif Muna.
Sif Muna was greatly pleased with you.
You were very hungry.

You visited 2 branches of the dungeon, and saw 12 of its levels.

You collected 782 gold pieces.

Inventory:

Hand Weapons
 l - a +0 short sword
 m - a +3 dagger of venom
 t - a +0 long sword
 w - a cursed +0 rapier
 J - a +2 falchion of slicing (weapon)
 Q - a +3 halberd of freezing
Missiles
 h - 179 arrows
 i - 107 sling bullets
 r - 16 boomerangs
 u - 115 bolts
 x - 16 poisoned darts (quivered)
 A - 4 throwing nets
 B - 3 silver boomerangs
Armour
 b - a +1 buckler (worn)
 e - the cursed +1 scale mail of Indecent Exposure {rCorr}
   (You found it on level 8 of the Dungeon)

   It provides partial protection from all sources of acid and corrosion.
   It has a curse placed upon it.
 g - a +0 cloak (worn)
 s - a +1 robe of resistance (worn)
 I - the +0 Maxwell's etheric cage {RegenMP+ *Contam rElec MP+4}
   (You found it on level 6 of the Dungeon)

   It insulates you from electricity.
   It affects your magic capacity (+4).
   It causes magical contamination when unequipped.
 P - a +2 leather armour of cold resistance
Magical Staves
 F - an uncursed staff of earth
Jewellery
 p - a ring of poison resistance (left hand)
 E - a +2 ring of protection (right hand)
 H - an uncursed ring of resist corrosion
 K - an uncursed amulet of guardian spirit
Wands
 N - a wand of random effects (23)
 O - a wand of paralysis (4)
 R - a wand of flame (21)
Scrolls
 a - a scroll of immolation {unknown}
 d - 3 scrolls of magic mapping
 j - 3 scrolls of remove curse
 o - a scroll of torment {unknown}
 y - a scroll of blinking {unknown}
 D - 2 scrolls of amnesia
 G - a scroll of enchant weapon {unknown}
 M - a scroll of silence {unknown}
 U - a scroll of fog {unknown}
 X - a scroll of fear {unknown}
Potions
 f - a potion of degeneration {unknown}
 k - 7 potions of curing
 n - a potion of agility {unknown}
 q - a potion of resistance {unknown}
 v - a potion of magic
 z - 2 potions of lignification
 C - 3 potions of heal wounds
 L - a potion of mutation
 S - a potion of ambrosia {unknown}
 V - a potion of flight {unknown}
Comestibles
 c - 17 rations


   Skills:
 + Level 7.0 Fighting
 - Level 1.7 Long Blades
 - Level 5.0 Dodging
 - Level 2.0 Stealth
 - Level 4.0 Shields
 - Level 8.0 Spellcasting
 + Level 8.7 Conjurations
 - Level 3.0 Charms
 * Level 2.8 Summonings
 + Level 10.2 Air Magic
 - Level 2.0 Poison Magic
 + Level 3.7 Invocations


You had 3 spell levels left.
You knew the following spells:

 Your Spells              Type           Power        Failure   Level  Hunger
a - Shock                 Conj/Air       ####         1%          1    None
b - Swiftness             Chrm/Air       #####...     1%          2    None
c - Static Discharge      Conj/Air       ######..     1%          3    None
d - Airstrike             Air            ######....   1%          4    ###....
e - Lightning Bolt        Conj/Air       ######....   1%          5    #####..
f - Call Imp              Summ           ####....     1%          2    None
g - Mephitic Cloud        Conj/Pois/Air  ######..     1%          3    None
h - Conjure Flame         Conj/Fire      #####...     1%          3    None

Your spell library contained the following spells:

 Spells                   Type           Power        Failure   Level  Hunger
 Animate Skeleton         Necr           N/A          1%          1    None
 Magic Dart               Conj           ####         1%          1    None
 Pain                     Necr           ###.         1%          1    None
 Sting                    Conj/Pois      ####         1%          1    None
 Blink                    Tloc           N/A          1%          2    None
 Ensorcelled Hibernation  Hex/Ice        ###...       1%          2    None
 Poisonous Vapours        Pois/Air       #####.       1%          2    None
 Slow                     Hex            ###.....     1%          2    None
 Regeneration             Chrm/Necr      ####......   1%          3    None
 Vampiric Draining        Necr           ###.......   3%          3    None
 Silence                  Hex/Air        #####.....   3%          5    #####..
 Venom Bolt               Conj/Pois      #####.....   3%          5    #####..
 Olgreb's Toxic Radiance  Pois           ####....     4%          4    ###....
 Animate Dead             Necr           N/A          9%          4    ###....
 Borgnjor's Vile Clutch   Necr/Erth      ###.......   22%         5    #####..
 Shadow Creatures         Summ           N/A          34%         6    ######.
 Darkness                 Hex            ###.......   69%         6    ######.


Dungeon Overview and Level Annotations

Branches:
Dungeon (11/15)            Temple (1/1) D:5
   Lair: D:8-11         Orc: D:9-12

Altars:
Ashenzari
Cheibriados
Dithmenos
Elyvilon
Fedhas
Gozag
Hepliaklqana
Kikubaaqudgha
Makhleb
Nemelex Xobeh
Okawaru
Qazlal
Ru
Sif Muna
Trog
Uskayaw
Vehumet
Wu Jian
Xom
Yredelemnul
Zin
The Shining One

Annotations:
D:11 Gastronok


Innate Abilities, Weirdness & Mutations

You have a beak for a mouth.
You have claws for feet.
You can fly continuously.
You are surrounded by a mild repulsion field. (EV +2)
You are somewhat resistant to further mutation.
You passively map a small area around you.


Message History

The hippogriff is struck by an arc of lightning.
The hippogriff is severely wounded.
The lightning grounds out.
Gastronok is struck by an arc of lightning!
Gastronok is severely wounded.
You are struck by an arc of lightning.
* * * LOW HITPOINT WARNING * * *
The hippogriff is struck by an arc of lightning.
The hippogriff is severely wounded.
The lightning grounds out.
The hippogriff barely misses you. The hippogriff misses you.
The hippogriff completely misses you.
Gastronok mumbles some strange words.
The river rat closely misses you.
You riposte.
You closely miss the river rat. You claw the river rat.
You peck the river rat, but do no damage.
The river rat is lightly wounded.
The hippogriff bites you.
* * * LOW HITPOINT WARNING * * *
The hippogriff barely misses you. The hippogriff claws you.
You die...

**#.## #.# #.##### ###, ..#**
#.#######.##... ..#* >... ,
#^.<.........## #.#,* #.#
#########.##### , ###.## #.#
####.......# # ##.....##.##,
...........## #
.......#..[#######.####...###
...........Hr#####...........
,
.w....%#..w#@......####...###
.......##.########.# ##.##
...#### #.# ,* #)# * .# ,..#
*, #.# * ** #### * ** , #.#
,, , ,, #.# *, * * #.# * ,
#.# * #.#


You could see a hippogriff and a river rat.

Vanquished Creatures
  Harold (D:7)
  A two-headed ogre (D:11)
  An unseen horror (D:9)
  A manticore (D:10)
  Joseph (D:7)
  A hornet (D:9)
  2 hippogriffs
  A spriggan (D:9)
  A wyvern (D:8)
  A hungry ghost (D:11)
  A warg (D:10)
  A soldier ant (D:11)
  A water moccasin (D:7)
  7 orc warriors
  4 sky beasts
  A black bear (D:7)
  3 ice beasts
  A necrophage (D:7)
  2 phantoms (D:8)
  2 ogres
  5 centaurs
  2 crocodiles
  7 bullfrogs
  A gnoll sergeant (D:9)
  A water moccasin zombie (D:9)
  A wyvern zombie (D:9)
  3 scorpions
  3 killer bees (D:9)
  3 howler monkeys
  2 bullfrog zombies
  4 crimson imps
  6 hounds
  A jelly (D:7)
  Crazy Yiuf (D:4)
  A bullfrog skeleton (D:10)
  9 orc priests
  A centaur skeleton (D:4)
  Jessica (D:2)
  An iguana (D:6)
  9 orc wizards
  3 worker ants
  2 hound skeletons
  Robin (D:2)
  A worker ant zombie (D:10)
  9 gnolls
  7 adders
  3 shadow imps
  An ooze (D:5)
  An adder zombie (D:8)
  4 worms
  2 dart slugs
  6 leopard geckos
  44 orcs
  13 giant cockroaches
  19 goblins
  11 hobgoblins
  24 jackals
  10 kobolds
  7 quokkas
  3 ball pythons (D:1)
  9 bats
  A frilled lizard (D:1)
  A leopard gecko skeleton (D:4)
  4 rats
282 creatures vanquished.

Vanquished Creatures (collateral kills)
  A necrophage (D:9)
  An orc priest (D:8)
2 creatures vanquished.

Vanquished Creatures (others)
  An orc (D:8)
1 creature vanquished.

Grand Total: 285 creatures vanquished

Notes
Turn   | Place    | Note
-------+----------+-------------------------------------------
     0 | D:1      | CanOfBees the Tengu Air Elementalist began the quest for
                  | the Orb.
     0 | D:1      | Reached XP level 1. HP: 10/10 MP: 4/4
   398 | D:1      | Reached XP level 2. HP: 7/15 MP: 1/6
   447 | D:1      | Learned a level 2 spell: Swiftness
   564 | D:1      | Reached skill level 1 in Shields
  1516 | D:1      | Reached XP level 3. HP: 19/19 MP: 4/7
  2368 | D:2      | Learned a level 3 spell: Static Discharge
  2830 | D:2      | Noticed Robin
  3053 | D:2      | Reached XP level 4. HP: 21/24 MP: 3/8
  3399 | D:2      | Noticed Jessica
  3477 | D:2      | Found an opulent altar of Gozag.
  3478 | D:2      | Found a shadowy altar of Dithmenos.
  3587 | D:2      | Killed Robin
  3845 | D:2      | Killed Jessica
  3845 | D:2      | Gained mutation: You can fly continuously. [Tengu growth]
  3845 | D:2      | Reached XP level 5. HP: 21/28 MP: 8/10
  4950 | D:3      | Reached skill level 5 in Air Magic
  5332 | D:3      | Learned a level 4 spell: Airstrike
  6099 | D:4      | Found a white marble altar of Elyvilon.
  6164 | D:4      | Reached XP level 6. HP: 32/33 MP: 4/11
  6455 | D:4      | Reached skill level 1 in Fighting
  6900 | D:4      | Found a sparkling altar of Nemelex Xobeh.
  7174 | D:4      | Found an ancient bone altar of Kikubaaqudgha.
  7184 | D:4      | Reached XP level 7. HP: 39/39 MP: 11/13
  7824 | D:4      | Found a runed translucent door.
  7825 | D:4      | Noticed Crazy Yiuf
  7840 | D:4      | Learned a level 3 spell: Mephitic Cloud
  7869 | D:4      | Paralysed by you for 4 turns
  7879 | D:4      | Killed Crazy Yiuf
  8219 | D:5      | Entered Level 5 of the Dungeon
  8566 | D:5      | Found a staircase to the Ecumenical Temple.
  8572 | Temple   | Entered the Ecumenical Temple
  8780 | Temple   | Became a worshipper of Sif Muna the Loreminder
  8945 | D:5      | Reached skill level 6 in Air Magic
  8945 | D:5      | Reached skill level 1 in Invocations
  9435 | D:5      | Reached XP level 8. HP: 45/45 MP: 2/15
  9527 | D:5      | Found a shattered altar of Ashenzari.
 10146 | D:5      | Learned a level 2 spell: Call Imp
 10458 | D:6      | Reached skill level 5 in Spellcasting
 11875 | D:6      | Noticed a hippogriff
 11883 | D:6      | Killed a hippogriff
 11883 | D:6      | Reached skill level 7 in Air Magic
 12101 | D:6      | Found the +0 Maxwell's etheric cage {RegenMP+ *Contam rElec
                  | MP+4}
 12324 | D:7      | Reached XP level 9. HP: 49/52 MP: 2/18
 12837 | D:7      | Noticed Harold
 12859 | D:7      | Learned a level 5 spell: Lightning Bolt
 13450 | D:7      | Reached * piety under Sif Muna
 13637 | D:7      | Noticed Joseph
 13685 | D:7      | Killed Joseph
 13685 | D:7      | Reached skill level 5 in Conjurations
 14136 | D:7      | Killed Harold
 14136 | D:7      | Reached skill level 5 in Fighting
 14136 | D:7      | Reached skill level 8 in Air Magic
 14424 | D:7      | Reached XP level 10. HP: 59/59 MP: 16/22
 14653 | D:7      | Learned a level 3 spell: Conjure Flame
 14728 | D:7      | Reached skill level 5 in Dodging
 15222 | D:8      | Reached ** piety under Sif Muna
 15522 | D:8      | Reached skill level 1 in Poison Magic
 15634 | D:8      | Got a faintly glowing scale mail
 15809 | D:8      | Identified the cursed +1 scale mail of Indecent Exposure
                  | {rCorr} (You found it on level 8 of the Dungeon)
 16190 | D:8      | Reached skill level 9 in Air Magic
 16757 | D:9      | Killed an unseen horror
 16757 | D:9      | Reached skill level 1 in Charms
 17010 | D:8      | Reached *** piety under Sif Muna
 18257 | D:10     | Entered Level 10 of the Dungeon
 18419 | D:10     | Reached skill level 10 in Air Magic
 18695 | D:10     | Reached XP level 11. HP: 50/65 MP: 22/24
 18699 | D:10     | Reached skill level 1 in Summonings
 19136 | D:10     | Noticed a manticore
 19146 | D:10     | Killed a manticore
 19146 | D:10     | Reached skill level 1 in Long Blades
 19586 | D:10     | Gained mutation: Potions are less effective at restoring
                  | your health. [potion of mutation]
 19586 | D:10     | Gained mutation: You are partially covered in molten
                  | scales. (AC +2) [potion of mutation]
 19586 | D:10     | Gained mutation: You expend magic power (3 MP) to
                  | strengthen your wands. [potion of mutation]
 19587 | D:10     | Lost mutation: You are partially covered in molten scales.
                  | (AC +2) [potion of mutation]
 19587 | D:10     | Lost mutation: You expend magic power (3 MP) to strengthen
                  | your wands. [potion of mutation]
 19587 | D:10     | Lost mutation: Potions are less effective at restoring your
                  | health. [potion of mutation]
 19587 | D:10     | Gained mutation: You are surrounded by a mild repulsion
                  | field. (EV +2) [potion of mutation]
 19587 | D:10     | Gained mutation: You passively map a small area around you.
                  | [potion of mutation]
 19587 | D:10     | Gained mutation: You are somewhat resistant to further
                  | mutation. [potion of mutation]
 20293 | D:11     | Identified the +5 quarterstaff of Currency {freeze,
                  | *Corrode +Rage Dex+5 SInv}
 20661 | D:11     | Noticed a two-headed ogre
 20669 | D:11     | Killed a two-headed ogre
 20731 | D:10     | Reached **** piety under Sif Muna
 21233 | D:11     | Noticed Gastronok
 21852 | D:11     | HP: 3/67 [hippogriff (5)]
 21852 | D:11     | Slain by a hippogriff

Levels and vault maps discovered:
D:1:      scummos_arrival_star, layout_loops_corners, minmay_ruptured
D:2:      layout_basic, gammafunk_temple_overflow_statue, first_ration,
          uniq_robin, uniq_jessica
D:3:      layout_basic, minmay_circle_x
D:4:      cheibrodos_helix_gallery, layout_loops_corners,
          nemelex_xobeh_ov_fountains_minmay, kiku_gazebo_pond_becter,
          overflow_temple_1_default, uniq_crazy_yiuf_cottage
D:5:      layout_basic, lemuel_doored_altar, minmay_temple_entry_ruins
D:6:      layout_basic, hangedman_decor_clover_reticule, serial_bayou_pond_e
D:7:      layout_loops_ring, uniq_joseph, uniq_harold
D:8:      minmay_spotlight, layout_basic
D:9:      layout_rooms, the_bakery
D:10:     layout_basic, hangedman_abyss_or_decor_passed
D:11:     layout_loops_ring, erik_lair_orcish_takeover,
          minmay_misc_feat_hallway, uniq_gastronok
Temple:   eino_temple_scatter_basement

Skill      XL: |  1  2  3  4  5  6  7  8  9 10 11 |
---------------+----------------------------------+-----
Shields        | 1 2 3 4 |  4.0
Conjurations   | 2 3 4 6 8 |  8.7
Air Magic      | 5 6 7 8 10 | 10.2
Spellcasting   | 3 4 5 7 8 |  8.0
Fighting       | 1 2 3 5 6 7 |  7.0
Invocations    | 1 2 3 |  3.7
Dodging        | 4 5 |  5.0
Poison Magic   | 2 |  2.0
Charms         | 2 3 |  3.0
Summonings     | 2 |  2.8
Long Blades    | 1 |  1.7
Stealth        | |  2.0

Action                   |  1- 3 |  4- 6 |  7- 9 | 10-12 || total
-------------------------+-------+-------+-------+-------++-------
Melee: Unarmed           |     3 |       |       |       ||     3
       Kick              |     1 |    16 |    17 |    53 ||    87
       Dagger            |     5 |    81 |    11 |    59 ||   156
       Peck              |     1 |    14 |    18 |    33 ||    66
       Short sword       |     1 |       |       |       ||     1
       Long sword        |       |       |    54 |       ||    54
       Falchion          |       |       |       |    91 ||    91
Throw: Dart              |       |     2 |     5 |       ||     7
 Cast: Shock             |    85 |   138 |    92 |   159 ||   474
       Static Discharge  |       |       |    37 |    31 ||    68
       Mephitic Cloud    |       |       |    22 |    19 ||    41
       Airstrike         |       |       |     7 |    35 ||    42
       Call Imp          |       |       |     2 |     8 ||    10
       Conjure Flame     |       |       |       |     3 ||     3
       Lightning Bolt    |       |       |       |     7 ||     7
 Abil: Fly               |       |     1 |       |       ||     1
       Stop Flying       |       |       |       |     1 ||     1
Evoke: Wand              |       |       |     1 |     6 ||     7
  Use: Scroll            |       |     4 |     8 |     4 ||    16
       Potion            |       |       |     5 |     9 ||    14
 Stab: Sleeping          |       |     1 |     1 |     3 ||     5
       Confused          |       |       |     3 |     3 ||     6
  Eat: Chunk             |     8 |    13 |    13 |    25 ||    59
       Ration            |       |       |     4 |     1 ||     5
Armor: Robe              |     4 |    15 |    21 |    29 ||    69
Dodge: Dodged            |    24 |    68 |    63 |   127 ||   282
Block: Buckler           |     7 |    21 |    31 |    52 ||   111
       Rpst.: Long sword |       |       |    18 |       ||    18
       Falchion          |       |       |       |    21 ||    21

Table legend:
 A = Non-vault XP
 B = Vault XP
 C = Vault XP percentage of total XP
 D = Non-vault monster count
 E = Vault monster count
 F = Vault count percentage of total count
                 A         B        C        D         E       F
            +---------+---------+-------+---------+---------+-------
      Total |    9764 |    2606 |  21.1 |     249 |      36 |  12.6
            +---------+---------+-------+---------+---------+-------
        D:1 |      45 |       5 |  10.0 |      25 |       4 |  13.8
        D:2 |      70 |      73 |  51.0 |      18 |      12 |  40.0
        D:3 |      72 |      24 |  25.0 |      28 |       6 |  17.6
        D:4 |     335 |      84 |  20.0 |      21 |       2 |   8.7
        D:5 |     783 |       0 |   0.0 |      13 |       0 |   0.0
        D:6 |     855 |       0 |   0.0 |      15 |       0 |   0.0
        D:7 |    1049 |    1457 |  58.1 |      24 |       2 |   7.7
        D:8 |    1587 |     355 |  18.3 |      34 |       4 |  10.5
        D:9 |    2015 |     224 |  10.0 |      31 |       1 |   3.1
       D:10 |    1530 |     170 |  10.0 |      20 |       1 |   4.8
       D:11 |    1423 |     214 |  13.1 |      20 |       4 |  16.7
            +---------+---------+-------+---------+---------+-------
